 Dungeon Crawl Stone Soup version 0.21-a0-504-g2eda330 (webtiles) character file.

974 vineage the Basher (level 7, 0/57 HPs)
             Began as a Minotaur Fighter on Nov 25, 2017.
             Was a Believer of Cheibriados.
             Slain by a bullfrog skeleton (1 damage)
             ... on level 5 of the Dungeon.
             The game lasted 00:07:14 (3517 turns).

vineage the Basher (Minotaur Fighter)               Turns: 3517, Time: 00:07:16

Health: 0/57       AC:  6    Str: 26 (27) XL:     7   Next: 95%
Magic:  6/6        EV: 12    Int: 10      God:    Cheibriados [**....]
Gold:   159        SH: 10    Dex: 20      Spells: 6/6 levels left

rFire    . . .     SeeInvis .   a - +0 flail
rCold    . . .     Gourm    .   c - +0 shield
rNeg     . . .     Faith    .   b - +0 scale mail
rPois    +         Spirit   .   (helmet restricted)
rElec    .         Reflect  .   (no cloak)
rCorr    .         Harm     .   (no gloves)
MR       .....     Rnd*Tele +   (no boots)
Stlth    +.........             (no amulet)
HPRegen  0.19/turn              (no ring)
MPRegen  0.10/turn              (no ring)

@: agile, flying, drained, very slow
A: retaliatory headbutt, horns 2, talons 1, deterioration 1, poison resistance,
teleportitis 1
a: Bend Time, Renounce Religion


You were on level 5 of the Dungeon.
You worshipped Cheibriados.
Cheibriados was pleased with you.
You were hungry.

You visited 1 branch of the dungeon, and saw 5 of its levels.

You collected 159 gold pieces.

Inventory:

Hand Weapons
 a - a +0 flail (weapon)
 t - the +6 dagger "Ogreslayer" {freeze, *Drain rF+ rC+ Dex+2}
   (You found it on level 4 of the Dungeon)

   It has been specially enchanted to freeze those struck by it, causing extra
   injury to most foes and up to half again as much damage against particularly
   susceptible opponents.
   It can also slow down cold-blooded creatures.
   It affects your dexterity (+2).
   It protects you from fire.
   It protects you from cold.
   It causes draining when unequipped.
Armour
 b - a +0 scale mail (worn)
 c - a +0 shield (worn)
Jewellery
 i - an uncursed ring of poison resistance {unknown}
 u - an uncursed amulet of guardian spirit {unknown}
Wands
 r - a wand of polymorph (21)
Scrolls
 e - 2 scrolls of identify
 k - 2 scrolls of magic mapping {unknown}
 l - 3 scrolls of enchant armour {unknown}
 m - a scroll of fog {unknown}
 o - 2 scrolls of fear {unknown}
 s - a scroll of enchant weapon {unknown}
Potions
 g - 2 potions of agility
 j - 2 potions of flight
 p - 2 potions of brilliance
 q - a potion of haste {unknown}
Comestibles
 d - 3 meat rations
 f - 5 bread rations


   Skills:
 - Level 3.6(2.8) Fighting
 + Level 11.0(10.1) Maces & Flails
 - Level 3.6(2.8) Armour
 - Level 3.6(2.8) Shields


You had 6 spell levels left.
You didn't know any spells.

Dungeon Overview and Level Annotations

Branches:
Dungeon (5/15)             Temple (0/1) D:4

Altars:
Cheibriados
Hepliaklqana
Makhleb
Nemelex Xobeh
Xom

Shops:
D:4 =   D:5 ?


Innate Abilities, Weirdness & Mutations

You reflexively headbutt those who attack you in melee.
You have a pair of horns on your head.
You have sharp toenails.
Your body sometimes deteriorates upon taking damage.
Your system is resistant to poisons. (rPois)
You are occasionally teleported next to monsters.


Message History

The iguana bites you. The gnoll barely misses you.
The bullfrog skeleton barely misses you.
The gnoll barely misses you. x2
You feel very buoyant.
You fly up into the air.
Something hits you but does no damage.
The bullfrog skeleton hits you but does no damage.
The iguana completely misses you.
The gnoll hits you but does no damage. x2
The gnoll hits you with a flail.
You struggle against the net.
The bullfrog skeleton hits you but does no damage.
Something hits you. The iguana completely misses you.
The gnoll hits you but does no damage. x2
The bullfrog skeleton hits you but does no damage.
You rip the net and break free!
The gnoll hits you with a flail!
* * * LOW HITPOINT WARNING * * *
Something hits you but does no damage. You block the iguana's attack.
The gnoll hits you from afar with a spear!
* * * LOW HITPOINT WARNING * * *
The gnoll barely misses you. The bullfrog skeleton hits you.
You die...

# # #. !# #..
.# ..∩.
####.# ###
#..#....#...#
#..g..g.....%
#...@l......
#..Zg....?..
#...........
##..........
##.%.##...#
....# ####
....# #....#


You could see an iguana, 3 gnolls and a bullfrog skeleton.

Vanquished Creatures
  Grinder (D:3)
  Eustachio (D:4)
  Menkaure (D:4)
  3 scorpions (D:4)
  2 orc priests (D:4)
  An orc wizard (D:4)
  Jessica (D:3)
  Ijyb (D:3)
  An iguana (D:4)
  A worker ant (D:4)
  The ghost of Vidiiot the Chucker, a weakling BaHu (D:3)
  Robin (D:2)
  4 gnolls (D:4)
  2 adders
  A river rat (D:3)
  3 worms
  A dart slug (D:2)
  8 orcs
  A ball python (D:1)
  7 bats
  3 giant cockroaches
  10 goblins
  8 hobgoblins
  8 jackals
  3 kobolds
  3 quokkas
  2 frilled lizards
  4 rats
83 creatures vanquished.

Notes
Turn   | Place    | Note
-------+----------+-------------------------------------------
     0 | D:1      | vineage the Minotaur Fighter began the quest for the Orb.
     0 | D:1      | Reached XP level 1. HP: 19/19 MP: 0/0
    85 | D:1      | Reached skill level 3 in Maces & Flails
   110 | D:1      | Reached XP level 2. HP: 26/26 MP: 1/1
   523 | D:2      | Found a sparkling altar of Nemelex Xobeh.
   557 | D:2      | Reached skill level 4 in Maces & Flails
   595 | D:2      | Found a snail-covered altar of Cheibriados.
   607 | D:2      | Became a worshipper of Cheibriados the Contemplative
   655 | D:2      | Noticed Robin
   659 | D:2      | Reached XP level 3. HP: 23/31 MP: 2/2
   669 | D:2      | Killed Robin
   687 | D:2      | Reached skill level 5 in Maces & Flails
  1001 | D:2      | Found a shimmering altar of Xom.
  1139 | D:2      | Reached * piety under Cheibriados
  1163 | D:2      | Reached XP level 4. HP: 38/39 MP: 3/3
  1367 | D:3      | Noticed Jessica
  1370 | D:3      | Noticed Vidiiot's ghost (weakling BaHu)
  1379 | D:3      | Killed Jessica
  1380 | D:3      | Killed Vidiiot's ghost
  1380 | D:3      | Reached skill level 6 in Maces & Flails
  1459 | D:3      | Noticed Ijyb
  1476 | D:3      | Killed Ijyb
  1476 | D:3      | Reached XP level 5. HP: 43/45 MP: 4/4
  1618 | D:3      | Found a hazy altar of Hepliaklqana.
  2100 | D:3      | Reached ** piety under Cheibriados
  2153 | D:3      | Found a burning altar of Makhleb.
  2216 | D:3      | Noticed Grinder
  2216 | D:3      | Paralysed by Grinder for 7 turns
  2230 | D:3      | Paralysed by Grinder for 3 turns
  2236 | D:3      | Killed Grinder
  2236 | D:3      | Reached skill level 8 in Maces & Flails
  2236 | D:3      | Reached XP level 6. HP: 10/51 MP: 5/5
  2489 | D:4      | Noticed Menkaure
  2645 | D:4      | Killed Menkaure
  2645 | D:4      | Reached skill level 9 in Maces & Flails
  2646 | D:4      | Reached XP level 7. HP: 50/57 MP: 6/6
  2656 | D:4      | Found Xonoc's Jewellery Shoppe.
  2724 | D:4      | Noticed Eustachio
  2729 | D:4      | Killed Eustachio
  2729 | D:4      | Reached skill level 10 in Maces & Flails
  2741 | D:4      | Found a staircase to the Ecumenical Temple.
  2755 | D:4      | Got a crude dagger
  2756 | D:4      | Identified the +6 dagger "Ogreslayer" {freeze, *Drain rF+ rC+ Dex+2} (You found it on level 4 of the Dungeon)
  3121 | D:4      | Gained mutation: You are robust. (+10% HP) [potion of mutation]
  3121 | D:4      | Gained mutation: Your mind is acute. (Int +2) [potion of mutation]
  3122 | D:4      | Lost mutation: Your mind is acute. (Int +2) [potion of mutation]
  3122 | D:4      | Lost mutation: You are robust. (+10% HP) [potion of mutation]
  3122 | D:4      | Gained mutation: You are occasionally teleported next to monsters. [potion of mutation]
  3122 | D:4      | Gained mutation: Your system is resistant to poisons. (rPois) [potion of mutation]
  3122 | D:4      | Gained mutation: Your body sometimes deteriorates upon taking damage. [potion of mutation]
  3122 | D:4      | Gained mutation: You have sharp toenails. [potion of mutation]
  3391 | D:5      | Entered Level 5 of the Dungeon
  3391 | D:5      | Found Saxuxzaz's Magic Scroll Boutique.
  3396 | D:4      | Reached skill level 11 in Maces & Flails
  3517 | D:5      | HP: 1/57 [gnoll/spear (8)]
  3517 | D:5      | Slain by a bullfrog skeleton

Vault maps used:
D:1:      minmay_arrival_plants_in_alcoves, amethyst_killhole,
          minmay_tetromino_i4
D:2:      nemelex_xobeh_ov_fountains_minmay, kennysheep_slug_shrine,
          lemuel_coloured_pillars_altar, minmay_box_of_dots, uniq_robin
D:3:      lemuel_crystal_altar, lemuel_round_altar, gup_sewer_entry_bubbles,
          uniq_ijyb, uniq_jessica, uniq_grinder
D:4:      cheibrodos_pilgrimage, nicolae_overflow_hidden_temple,
          minmay_temple_entry_mist, serial_shops, shop, first_bread,
          uniq_eustachio, uniq_menkaure
D:5:      serial_shops, shop

Skill      XL: |  1  2  3  4  5  6  7 |
---------------+----------------------+-----
Maces & Flails | 3 4 5 6 8 9 11 | 11.0
Fighting       | |  3.6
Armour         | |  3.6
Shields        | |  3.6

Action                   |  1- 3 |  4- 6 |  7- 9 || total
-------------------------+-------+-------+-------++-------
Melee: Flail             |    82 |    71 |    50 ||   203
       Headbutt          |    13 |    13 |    13 ||    39
       Unarmed           |       |    14 |       ||    14
       Kick              |       |       |     4 ||     4
Invok: Bend Time         |       |       |     1 ||     1
  Use: Potion            |       |     3 |     9 ||    12
       Scroll            |       |     5 |       ||     5
  Eat: Chunk             |     1 |     1 |     2 ||     4
Armor: Scale mail        |    39 |    29 |    27 ||    95
       Skin              |       |     3 |       ||     3
Dodge: Dodged            |    28 |    19 |    31 ||    78
Block: Shield            |    53 |    33 |    30 ||   116

Table legend:
 A = Spawn XP
 B = Non-spawn XP
 C = Spawn XP percentage of total XP
 D = Spawn monster count
 E = Non-spawn monster count
 F = Spawn count percentage of total count
 G = Total turns spent on level
                    A         B        C        D         E        F      G
               +---------+---------+-------+---------+---------+-------+---------
         Total |       0 |    1392 |   0.0 |       0 |      83 |   0.0 |  3517
               +---------+---------+-------+---------+---------+-------+---------
           D:1 |       0 |      19 |   0.0 |       0 |      12 |   0.0 |   518
           D:2 |       0 |      83 |   0.0 |       0 |      29 |   0.0 |   844
           D:3 |       0 |     443 |   0.0 |       0 |      23 |   0.0 |  1273
           D:4 |       0 |     847 |   0.0 |       0 |      19 |   0.0 |   870
               +---------+---------+-------+---------+---------+-------+---------
